AoeStats
← sebastianlopez2707

Arena

507387509Analyzed
1v1 RM · 15d ago on Sep 18, 2026· 46m 42s· 2 players
Game mode
Random Map
Map size
Tiny (2 player)
Population
200
Speed
Normal
Resources
Standard
Victory
Conquest
Starting age
Dark Age
Ending age
Imperial Age
RankedLock teamsTeams togetherTeam positionsShared explorationLock speedFull tech treeHidden civsTurbo modeCheats
Victory
Defeat
🇨🇴 Franks · Colombia
483
+17
🇪🇸 Franks · Spain
495
-17
sebastianlopez2707
8:19 Loom
10:30 Feudal Age
12:12 Double-Bit Axe
17:30 Castle Age
24:56 Scale Barding Armor
26:13 Forging
26:31 Husbandry
30:52 Chain Barding Armor
31:08 Iron Casting
32:52 Bow Saw
32:37 Gold Mining
38:23 Imperial Age
41:37 Blast Furnace
41:13 Plate Barding Armor
40:34 Cavalier
42:29 Paladin
46:05 Pikeman
46:46 Squires
Atabawak
10:34 Feudal Age
15:52 Forging
22:32 Castle Age
22:13 Scale Barding Armor
23:25 Husbandry
29:45 Iron Casting
29:56 Chain Barding Armor
30:45 Pikeman
31:50 Murder Holes
34:13 Squires
37:41 Imperial Age
38:11 Cavalier
38:15 Capped Ram
40:51 Paladin
Connection lost

Rejoining the realm…

Still unreachable

The connection could not be restored.

Session expired

The server has moved on; the page needs a fresh start.